 Dungeon Crawl Stone Soup version 0.17.0-28-g6e173f8 (webtiles) character file.

50913 septik the Severer (level 14, -6/129 HPs)
             Began as a Minotaur Berserker on Nov 23, 2015.
             Was the Champion of Trog.
             Mangled by a dire elephant (15 damage)
             ... on level 8 of the Lair of Beasts.
             The game lasted 00:36:43 (14383 turns).

septik the Severer (Minotaur Berserker)            Turns: 14383, Time: 00:36:44

Health: -6/129     AC: 28    Str: 27    XL:     14   Next: 21%
Magic:  4/4        EV: 12    Int:  4    God:    Trog [******]
Gold:   1731       SH:  0    Dex: 10    Spells: 0 memorised, 13 levels left

rFire  + . .     SeeInvis .     V - +4 executioner's axe (antimagic)
rCold  + + +     Clarity  +     B - +3 plate armour {rC+}
rNeg   . . .     SustAt   .     (shield currently unavailable)
rPois  .         Gourm    .     (helmet unavailable)
rElec  .         Spirit   .     d - +0 cloak of Ciejoano {-Cast rF+ rC+ Slay+2}
rCorr  .         Warding  .     G - +0 pair of gloves
rMut   .         Stasis   .     X - +1 pair of boots {run}
MR     +++..     NoCast   +     J - amulet of faith
Stlth  ..........               a - ring of protection from cold
                                O - +4 ring of protection

@: exhausted, regenerating, slowed, very slow, extremely resistant to hostile
enchantments, extremely unstealthy
A: retaliatory headbutt, horns 3, clarity, regeneration 1, spit poison 1
a: Spit Poison, Berserk, Trog's Hand, Brothers in Arms, Burn Spellbooks,
Renounce Religion


You were on level 8 of the Lair of Beasts.
You worshipped Trog.
Trog was exalted by your worship.
You were very hungry.

You visited 2 branches of the dungeon, and saw 20 of its levels.
You also visited: Bailey and Ice Cave.

You collected 1791 gold pieces.
You spent 60 gold pieces at shops.

Inventory:

Hand Weapons
 x - a +4 dire flail of protection
 P - a +5 antimagic battleaxe
 V - a +4 antimagic executioner's axe (weapon)
 Y - a +5 antimagic hand axe
Missiles
 f - 371 stones (quivered)
 R - 9 throwing nets
Armour
 d - the +0 cloak of Ciejoano (worn) {-Cast rF+ rC+ Slay+2}
   (You acquired it on level 4 of the Lair of Beasts)

   It affects your accuracy and damage with ranged weapons and melee attacks
   (+2).
   It protects you from fire.
   It protects you from cold.
   It prevents spellcasting.
 B - a +3 plate armour of cold resistance (worn)
 G - a +0 pair of gloves (worn)
 X - a +1 pair of boots of running (worn)
Jewellery
 a - a ring of protection from cold (right hand)
 e - an uncursed amulet of the gourmand
 j - an uncursed amulet of regeneration {unknown}
 o - the amulet "Elynevvu" {Inacc -Tele rPois rN+, unknown}
   (You found it on level 7 of the Lair of Beasts)

   [amulet of inaccuracy]

   It reduces the accuracy of all your attacks.
   It protects you from poison.
   It protects you from negative energy.
   It prevents most forms of teleportation.
 J - an amulet of faith (around neck)
 O - a +4 ring of protection (left hand)
Wands
 l - a wand of disintegration (16)
 m - a wand of draining (2)
 y - a wand of draining (6)
 z - a wand of lightning (15)
 Q - a wand of hasting (1)
 S - a wand of teleportation (5)
Scrolls
 i - 5 scrolls of magic mapping
 p - 11 scrolls of identify
 s - 13 scrolls of remove curse
 C - a scroll of enchant armour
 D - a scroll of teleportation
 E - a scroll of fog
 M - 3 scrolls of fear
 N - 2 scrolls of blinking
 T - a scroll of vulnerability
 U - a scroll of enchant weapon
 W - 3 scrolls of recharging
 Z - a scroll of acquirement
Potions
 g - 10 potions of curing
 h - 5 potions of haste
 k - 6 potions of heal wounds
 n - 2 potions of lignification
 q - 2 potions of agility
 r - 3 potions of flight
 v - 3 potions of might
 A - a potion of invisibility
 H - a potion of cancellation
 I - 2 potions of berserk rage
Miscellaneous
 b - a box of beasts
Comestibles
 c - 11 bread rations
 t - 8 meat rations
 u - 10 fruits
 w - 5 beef jerkies
 F - 4 royal jellies
 K - 7 chunks of flesh
 L - 2 slices of pizza


   Skills:
 + Level 13.5 Fighting
 * Level 17.8 Axes
 + Level 13.3 Armour
 + Level 12.3 Dodging
 * Level 2.1 Evocations


You had 13 spell levels left.
You didn't know any spells.

Dungeon Overview and Level Annotations

Branches:
Dungeon (12/15)            Temple (0/1) D:6            Lair (8/8) D:11
  Swamp (0/4) Lair:4        Snake (0/4) Lair:4          Orc (0/4) D:9
  Slime: Lair:6-8

Altars:
Cheibriados
Dithmenos
Elyvilon
Fedhas
Makhleb
Nemelex Xobeh
Okawaru
Qazlal
Sif Muna
Trog
Xom
Yredelemnul

Shops:
D:4 ?   D:6 [

Portals:
Trove: D:10 (give +5 fire dragon armour)

Annotations:
Lair:6 exclusion: oklob plant


Innate Abilities, Weirdness & Mutations

You reflexively headbutt those who attack you in melee.
You have a pair of large horns on your head.
You possess an exceptional clarity of mind.
Your natural rate of healing is unusually fast.
You can spit weak poison.


Message History

* * * LOW HITPOINT WARNING * * *
The dire elephant tramples you but does no damage.
The dire elephant closely misses you.
Unknown command.
Your skin crawls.
You feel resistant to hostile enchantments.
You feel slightly more hungry. The dire elephant tramples you!
* * * LOW HITPOINT WARNING * * *
You stumble backwards!
The dire elephant tramples you!
* * * LOW HITPOINT WARNING * * *
You hold your ground!
The dire elephant trunk-slaps you but does no damage.
Drink which item? (? for menu, Esc to quit)
You feel much better. The dire elephant tramples you!
* * * LOW HITPOINT WARNING * * *
You hold your ground!
The dire elephant trunk-slaps you!
* * * LOW HITPOINT WARNING * * *
The dire elephant tramples you!
You die...

#≈≈≈≈≈≈#.#...####
#..≈≈≈##.#...P# .
##..P≈#..#....##.#
##'####.##...P...#
#8.8#...#♣........
#...#.###.........
####..##.##...P....##
#..'YY#.P##......###
##..'@Y#.##♣......#.#
##...####.# ♣...P...#
#....#8...# #♣.....##
#....'..### #.....#
#...##8..+ #♣....#
#....##### #....#
##..## #...P#### #..#
#......P. ##.♣
#........


You could see 3 dire elephants.

Vanquished Creatures
  Maud (Lair:6)
  The ghost of asdu the Destroyer, a journeyman HuFE of Vehumet (Lair:7)
  2 hydras (Lair:8)
  A naga warrior (Lair:4)
  An anaconda (Lair:8)
  4 ice devils (IceCv)
  The ghost of Britaniac the Destroyer, a novice GrFE of Vehumet (D:9)
  2 hill giants (D:11)
  An ugly thing (D:11)
  A necromancer (IceCv)
  An oklob plant (Lair:1)
  A manticore (D:11)
  10 elephants
  2 griffons
  2 gargoyles
  Joseph (Lair:1)
  The ghost of skk the Skirmisher, a novice DrWn of Ru (D:4)
  7 black mambas
  A centaur zombie (D:11)
  3 ice statues (IceCv)
  A torpor snail (Lair:7)
  8 komodo dragons
  4 spiny frogs
  6 fire drakes
  4 blue devils (IceCv)
  12 blink frogs
  55 yaks
  A hill giant zombie (D:9)
  3 wyverns
  3 basilisks
  4 hungry ghosts
  A wraith (D:12)
  Grum (D:9)
  5 hippogriffs
  6 nagas (Lair:4)
  11 wolves
  7 porcupines
  10 water moccasins
  Duvessa (D:5)
  2 orc warriors
  2 ice beasts
  3 sky beasts
  7 ogres
  A black bear (Lair:5)
  10 centaurs
  2 phantoms
  8 crocodiles
  An eye of draining (D:11)
  15 giant frogs
  8 gnoll sergeants (Bailey)
  Dowan (D:5)
  2 scorpions (D:11)
  8 killer bees
  5 wights
  A giant frog zombie (D:7)
  5 crimson imps
  3 hounds
  3 orc priests
  2 centaur skeletons
  4 jellies
  Ijyb (D:2)
  2 giant frog skeletons (D:10)
  9 orc wizards
  4 draconian simulacra (IceCv)
  5 iguanas
  A quasit (D:11)
  6 gnoll shamans (Bailey)
  13 worker ants
  A troll simulacrum (IceCv)
  A centaur simulacrum (IceCv)
  30 sheep
  5 ogre zombies (D:9)
  A hound skeleton (D:5)
  19 gnolls
  7 adders
  2 ogre simulacra (IceCv)
  62 river rats
  2 naga simulacra (IceCv)
  5 shadow imps
  12 white imps (Lair:4)
  2 oozes
  2 adder skeletons
  3 worms
  7 giant geckos
  16 orcs
  9 giant cockroaches
  17 goblins
  5 hobgoblins
  8 jackals
  6 kobolds
  2 quokkas (D:4)
  10 bats
  6 giant newts
  A goblin skeleton (D:9)
  6 goblin zombies (D:9)
  2 hobgoblin zombies (D:9)
  2 orc skeletons (D:9)
  8 orc zombies (D:9)
  4 rats
  2 butterflies
  7 fungi
  6 plants
599 creatures vanquished.

Vanquished Creatures (collateral kills)
  3 hydras
  A hippogriff (Lair:2)
4 creatures vanquished.

Vanquished Creatures (others)
  7 fungi
  12 plants
19 creatures vanquished.

Grand Total: 622 creatures vanquished

Notes
Turn   | Place    | Note
--------------------------------------------------------------
     0 | D:1      | septik the Minotaur Berserker began the quest for the Orb.
     0 | D:1      | Reached XP level 1. HP: 19/19 MP: 0/0
    78 | D:1      | Reached XP level 2. HP: 14/27 MP: 1/1
   192 | D:1      | Reached skill level 4 in Fighting
   758 | D:2      | Reached ** piety under Trog
   789 | D:2      | Reached XP level 3. HP: 33/33 MP: 2/2
   841 | D:2      | Noticed Ijyb
   870 | D:2      | Killed Ijyb
  1131 | D:3      | Reached XP level 4. HP: 39/41 MP: 3/3
  1921 | D:4      | Reached skill level 5 in Axes
  1921 | D:4      | Reached XP level 5. HP: 47/47 MP: 4/4
  1979 | D:4      | Noticed a phantom
  1991 | D:4      | Killed a phantom
  1991 | D:4      | Reached skill level 5 in Fighting
  2005 | D:4      | Reached XP level 6. HP: 50/56 MP: 5/5
  2024 | D:4      | Found Reacluwn's Magic Scroll Shop.
  2032 | D:4      | Bought 3 scrolls of identify for 60 gold pieces
  2097 | D:4      | Reached *** piety under Trog
  2303 | D:4      | Reached skill level 6 in Axes
  2360 | D:4      | Noticed an ogre
  2364 | D:4      | Killed an ogre
  2364 | D:4      | Reached XP level 7. HP: 36/61 MP: 6/6
  2477 | D:4      | Noticed skk's ghost (novice DrWn)
  2492 | D:4      | Killed skk's ghost
  2492 | D:4      | Reached skill level 7 in Axes
  2492 | D:4      | Reached skill level 5 in Armour
  2989 | D:5      | Entered Level 5 of the Dungeon
  2989 | D:5      | Noticed Duvessa
  2989 | D:5      | Noticed Dowan
  2993 | D:5      | Killed Duvessa
  2998 | D:5      | Killed Dowan
  2998 | D:5      | Reached XP level 8. HP: 70/70 MP: 7/7
  3040 | D:5      | Reached skill level 5 in Dodging
  3099 | D:5      | Reached skill level 8 in Axes
  3499 | D:6      | Found Tuvan's Armour Boutique.
  3770 | D:6      | Found a blossoming altar of Fedhas.
  3820 | D:6      | Reached **** piety under Trog
  3820 | D:6      | Reached skill level 9 in Axes
  3877 | D:6      | Found a white marble altar of Elyvilon.
  3878 | D:6      | Found a shimmering altar of Xom.
  3937 | D:6      | Found an iron altar of Okawaru.
  3983 | D:6      | Found a staircase to the Ecumenical Temple.
  4158 | D:6      | Found a stormy altar of Qazlal.
  4248 | D:6      | Found a deep blue altar of Sif Muna.
  4343 | D:7      | Found a shadowy altar of Dithmenos.
  4344 | D:7      | Found a snail-covered altar of Cheibriados.
  4500 | D:7      | Found a burning altar of Makhleb.
  4501 | D:7      | Found a bloodstained altar of Trog.
  4609 | D:7      | Reached XP level 9. HP: 79/79 MP: 8/8
  4639 | D:7      | Found a runed door.
  4682 | D:7      | Found a runed door.
  4883 | D:8      | Reached skill level 10 in Axes
  5057 | D:8      | Gained mutation: You can spit weak poison. [mutagenic meat]
  5058 | D:8      | Gained mutation: You have a pair of large horns on your head. [mutagenic meat]
  5060 | D:8      | Gained mutation: Your natural rate of healing is unusually fast. [mutagenic meat]
  5061 | D:8      | Gained mutation: You possess an exceptional clarity of mind. [mutagenic meat]
  5213 | D:8      | Found a basalt altar of Yredelemnul.
  5569 | D:9      | Reached skill level 11 in Axes
  5575 | D:9      | Reached XP level 10. HP: 90/90 MP: 9/9
  5588 | D:9      | Noticed Grum
  5591 | D:9      | Reached ***** piety under Trog
  5601 | D:9      | Killed Grum
  5636 | D:9      | Noticed Britaniac's ghost (novice GrFE)
  5650 | D:9      | Killed Britaniac's ghost
  5663 | D:9      | Found a staircase to the Orcish Mines.
  5808 | D:9      | Reached skill level 12 in Axes
  5977 | D:9      | Got an ancient flail
  6060 | D:9      | Identified the +6 flail of Certain Death {crush, Int+4 Dex+3} (You found it on level 9 of the Dungeon)
  6164 | D:10     | Entered Level 10 of the Dungeon
  6272 | D:10     | Found a portal to a secret trove of treasure.
  6395 | D:10     | Found a flagged portal.
  6410 | Bailey   | Entered a bailey
  6472 | Bailey   | Received a gift from Trog
  6533 | Bailey   | Reached skill level 10 in Fighting
  6640 | Bailey   | Reached XP level 11. HP: 91/99 MP: 3/10
  7220 | D:11     | Noticed a hill giant
  7227 | D:11     | Reached skill level 13 in Axes
  7230 | D:11     | Killed a hill giant
  7251 | D:11     | Found a staircase to the Lair.
  7370 | D:11     | Reached skill level 10 in Armour
  7607 | D:11     | Noticed a hill giant
  7615 | D:11     | Killed a hill giant
  7778 | Lair:1   | Entered Level 1 of the Lair of Beasts
  7831 | Lair:1   | Reached skill level 14 in Axes
  7865 | Lair:1   | Noticed Joseph
  7883 | Lair:1   | Killed Joseph
  8042 | Lair:1   | Received a gift from Trog
  8505 | Lair:2   | Reached XP level 12. HP: 106/110 MP: 3/11
  8517 | Lair:2   | Noticed an eight-headed hydra
  8520 | Lair:2   | Killed an eight-headed hydra
  8559 | Lair:2   | Reached skill level 10 in Dodging
  9182 | Lair:3   | Reached skill level 15 in Axes
  9253 | Lair:3   | Received a gift from Trog
 10042 | Lair:4   | Found a frozen archway.
 10074 | IceCv    | Entered an ice cave
 10204 | IceCv    | Reached XP level 13. HP: 111/118 MP: 4/12
 10237 | IceCv    | Reached skill level 16 in Axes
 10364 | IceCv    | Identified a +0 pair of boots of running (You found it in an ice cave)
 10521 | Lair:4   | Identified 2 scrolls of acquirement
 10536 | Lair:4   | Got a scorched cloak
 10547 | Lair:4   | Identified the +0 cloak of Ciejoano {-Cast rF+ rC+ Slay+2} (You acquired it on level 4 of the Lair of Beasts)
 10749 | Lair:4   | Reached ****** piety under Trog
 10903 | Lair:4   | Noticed a naga warrior
 10905 | Lair:4   | Found a staircase to the Snake Pit.
 10911 | Lair:4   | Received a gift from Trog
 10921 | Lair:4   | Killed a naga warrior
 11015 | Lair:4   | Found a staircase to the Swamp.
 12403 | Lair:6   | Received a gift from Trog
 12511 | Lair:6   | Noticed Maud
 12541 | Lair:6   | Killed Maud
 13251 | Lair:7   | Reached skill level 17 in Axes
 13257 | Lair:7   | Found a sparkling altar of Nemelex Xobeh.
 13306 | Lair:7   | Got a translucent ruby amulet
 13368 | Lair:7   | Noticed asdu's ghost (journeyman HuFE)
 13381 | Lair:7   | Killed asdu's ghost
 13420 | Lair:7   | Received a gift from Trog
 13911 | Lair:8   | Entered Level 8 of the Lair of Beasts
 13922 | Lair:8   | Reached XP level 14. HP: 107/129 MP: 4/13
 14135 | Lair:8   | Reached skill level 1 in Evocations
 14382 | Lair:8   | HP: 3/129 [dire elephant (10)]
 14383 | Lair:8   | Mangled by a dire elephant

Action                   |  1- 3 |  4- 6 |  7- 9 | 10-12 | 13-15 || total
-------------------------+-------+-------+-------+-------+-------++-------
Melee: Hand axe          |    81 |    47 |       |       |       ||   128
       War axe           |       |    55 |   226 |   114 |       ||   395
       Flail             |       |       |       |    65 |       ||    65
       Battleaxe         |       |       |       |   189 |       ||   189
       Executioner's axe |       |       |       |   218 |   372 ||   590
Invok: Berserk           |       |     3 |     7 |     8 |     6 ||    24
       Brothers in Arms  |       |       |       |     1 |     2 ||     3
       Trog's Hand       |       |       |       |       |     1 ||     1
  Use: Scroll            |       |       |       |     3 |    27 ||    30
       Potion            |       |       |       |       |     2 ||     2
  Eat: Chunk             |    17 |     6 |    19 |    26 |    18 ||    86
       Bread ration      |       |       |       |     2 |       ||     2
